 Dungeon Crawl Stone Soup version 0.26.1-11-gd32895ea62 (webtiles) character file.

Game seed: 4337044162897660405

320 vvl the Slasher (level 6, -7/48 HPs)
             Began as a Demonspawn Berserker on June 1, 2021.
             Was a Believer of Trog.
             Mangled by Dillybarz's ghost (17 damage)
             ... on level 4 of the Dungeon.
             The game lasted 00:09:33 (5100 turns).

vvl the Slasher (Demonspawn Berserker)              Turns: 5100, Time: 00:09:34

Health: -7/48      AC:  2    Str: 19    XL:     6   Next: 22%
Magic:  7/7        EV: 13    Int:  8    God:    Trog [**....]
Gold:   271        SH:  0    Dex: 13    Spells: 7/7 levels left

rFire    . . .     SeeInvis .   a - +0 falchion
rCold    . . .     Faith    .   (no shield)
rNeg     . . .     Spirit   .   b - +0 animal skin
rPois    .         Reflect  .   (helmet restricted)
rElec    .         Harm     .   (no cloak)
rCorr    .         Rampage  .   (no gloves)
Will     ++...                  (no boots)
Stlth    +.........             (no amulet)
HPRegen  1.16/turn              (no ring)
MPRegen  0.10/turn              (no ring)

@: berserk cooldown, regenerating, slowed, very slow
A: hooves 1, horns 2, foul stench 1, miasma immunity
a: Renounce Religion, Berserk, Trog's Hand


You were on level 4 of the Dungeon.
You worshipped Trog.
Trog was pleased with you.
You visited 2 branches of the dungeon, and saw 5 of its levels.

You collected 271 gold pieces.

Inventory:

Hand Weapons
 a - a +0 falchion (weapon)
Missiles
 i - 8 boomerangs
Armour
 b - a +0 animal skin (worn)
 e - a cursed +0 plate armour
Jewellery
 m - an uncursed ring of wizardry {unknown}
Scrolls
 c - 2 scrolls of enchant armour {unknown}
 d - 6 scrolls of identify {unknown}
 f - a scroll of random uselessness {unknown}
 h - 3 scrolls of teleportation {unknown}
 n - 3 scrolls of amnesia {unknown}
 o - 3 scrolls of remove curse {unknown}
 p - a scroll of magic mapping {unknown}
 r - a scroll of blinking {unknown}
Potions
 g - 3 potions of might {unknown}
 j - 2 potions of attraction {unknown}
 k - 2 potions of heal wounds {unknown}
 l - 2 potions of lignification {unknown}
 q - a potion of cancellation {unknown}


   Skills:
 + Level 4.0 Fighting
 * Level 4.4 Long Blades
 - Level 0.1 Throwing
 + Level 2.9 Armour
 - Level 3.0 Dodging
 - Level 1.0 Spellcasting


You had 7 spell levels left.
You didn't know any spells.
Your spell library was empty.

Dungeon Overview and Level Annotations

Branches:
Dungeon (4/15)             Temple (1/1) D:4

Altars:
Ashenzari
Cheibriados
Elyvilon
Fedhas
Gozag
Hepliaklqana
Kikubaaqudgha
Makhleb
Nemelex Xobeh
Qazlal
Ru
Trog
Uskayaw
Xom
The Shining One

Annotations:
D:4 Dillybarz's ghost, amateur FoFi


Innate Abilities, Weirdness & Mutations

You have large cloven feet.
You have a pair of horns on your head.
You may emit foul miasma when damaged in melee.
You are immune to miasma.


Message History

Dillybarz's ghost hits you!
* * * LOW HITPOINT WARNING * * *
You emit a cloud of foul miasma!
You hit Dillybarz's ghost but do no damage.
Dillybarz's ghost is heavily damaged.
You are no longer berserk.
You are exhausted.
You feel yourself slow down. Dillybarz's ghost barely misses you.
You hit Dillybarz's ghost.
You kick Dillybarz's ghost, but do no damage.
You headbutt Dillybarz's ghost.
Dillybarz's ghost is heavily damaged.
Dillybarz's ghost closely misses you.
Your skin crawls.
You feel strong-willed. Dillybarz's ghost hits you!
* * * LOW HITPOINT WARNING * * *
Dillybarz's ghost closely misses you. Dillybarz's ghost hits you!
You die...

## ########†.#...# #.#..# .#
#.#..#..#...# #.#..###
.#######.#..#..####### #.#.....
...............†.....# #.#.#.#.
.....................#####.#.#.#.
.....................##....#...#.
.########............##.########.
.# ####............##.#...# #. .#
#.........W@....##..†..# #. .#
#.#.............######.####. .#
##.#..#'#........#### #.#.... .#
#....##.##..####....###.#.### ##
#...##...##..# #....#.....#
#..##.....##.# #....#.P.P.###
##.#⌠.!♣!.⌠#.# #....#..>....#
#.##.....##.# #....'.P.P...#
#..##...##..# #....#.....#.#


You could see Dillybarz's ghost.

Vanquished Creatures
  Menkaure (D:4)
  2 worker ants (D:4)
  4 adders
  An adder zombie (D:4)
  An adder skeleton (D:4)
  3 worms (D:3)
  2 dart slugs
  4 leopard geckos
  3 orcs
  A ball python (D:2)
  14 bats
  9 giant cockroaches
  9 goblins
  5 hobgoblins
  15 jackals
  4 kobolds
  A quokka (D:4)
  4 frilled lizards
  4 rats
87 creatures vanquished.

Notes
Turn   | Place    | Note
-------+----------+-------------------------------------------
     0 | D:1      | vvl the Demonspawn Berserker began the quest for the Orb.
     0 | D:1      | Reached XP level 1. HP: 18/18 MP: 1/1
   266 | D:1      | Gained mutation: You are immune to miasma. [demonic
                  | ancestry]
   266 | D:1      | Reached XP level 2. HP: 10/24 MP: 2/2
  1394 | D:2      | Gained mutation: You have large cloven feet. [demonic
                  | ancestry]
  1394 | D:2      | Reached XP level 3. HP: 29/29 MP: 3/3
  1683 | D:2      | Reached ** piety under Trog
  2109 | D:2      | Found a bloodstained altar of Trog.
  2134 | D:2      | Reached skill level 1 in Spellcasting
  2833 | D:3      | Gained mutation: You have a pair of small horns on your
                  | head. [demonic ancestry]
  2833 | D:3      | Reached XP level 4. HP: 35/35 MP: 5/5
  3824 | D:4      | Noticed Menkaure
  3827 | D:4      | Found a staircase to the Ecumenical Temple.
  3831 | D:4      | HP: 1/35 [Menkaure (11)]
  3833 | D:4      | Killed Menkaure
  3834 | D:4      | Gained mutation: You may emit foul miasma when damaged in
                  | melee. [demonic ancestry]
  3834 | D:4      | Reached XP level 5. HP: 3/42 MP: 6/6
  4136 | Temple   | Entered the Ecumenical Temple
  4400 | D:4      | Gained mutation: You have a pair of horns on your head.
                  | [demonic ancestry]
  4400 | D:4      | Reached XP level 6. HP: 48/48 MP: 7/7
  4657 | D:4      | Found a stormy altar of Qazlal.
  4898 | D:4      | Found a runed translucent door.
  4904 | D:4      | Reached *** piety under Trog
  4963 | D:4      | Noticed Dillybarz's ghost (amateur FoFi)
  5100 | D:4      | Mangled by Dillybarz's ghost

Illustrated notes

Levels and vault maps discovered:
D:1:      erik_arrival_orb_chamber, layout_basic, roderic_serpentine_path
D:2:      layout_loops_ring, minmay_misc_feat_roman, trog_butcher_becter
D:3:      layout_basic, grunt_ministairs_13
D:4:      layout_basic, grunt_qazlal_clouds, minmay_temple_entry_trees,
          hellmonk_ghost_happy_afterlife, uniq_menkaure
Temple:   nicolae_temple_figure_eight

Skill      XL: |  1  2  3  4  5  6 |
---------------+-------------------+-----
Long Blades    | 3 4 |  4.4
Armour         | 2 |  2.9
Dodging        | 2 3 |  3.0
Spellcasting   | 1 |  1.0
Fighting       | 4 |  4.0
Throwing       | |  0.1

Action                   |  1- 3 |  4- 6 || total
-------------------------+-------+-------++-------
Melee: Falchion          |   121 |    97 ||   218
       Kick              |    12 |    41 ||    53
       Headbutt          |       |    24 ||    24
Invok: Berserk           |       |     2 ||     2
       Trog's Hand       |       |     1 ||     1
Armor: Animal skin       |    28 |    17 ||    45
Dodge: Dodged            |    99 |    58 ||   157
       Rpst.: Falchion   |    30 |    17 ||    47
